 Dungeon Crawl Stone Soup version 0.31-a0-981-geadf994542 (webtiles) character file.

Game seed: 10836194581901464111

367 Gargoyl the Chopper (level 6, 0/57 HPs)
             Began as a Gargoyle Berserker on Nov 1, 2023.
             Was a Believer of Trog.
             Slain by an ufetubus (3 damage)
             ... summoned by Eustachio
             ... on level 4 of the Dungeon.
             The game lasted 00:04:26 (2719 turns).

Gargoyl the Chopper (Gargoyle Berserker)            Turns: 2719, Time: 00:04:27

Health: 0/57       AC: 23    Str: 21    XL:     6   Next: 69%
Magic:  6/6        EV:  2    Int:  7    God:    Trog [**....]
Gold:   135        SH:  0    Dex: 11    Spells: 5/5 levels left

rFire   . . .        a - +2 hand axe
rCold   . . .        (no shield)
rNeg    + . .        d - melded +0 scale mail
rPois   ∞            f - melded +2 helmet
rElec   .            (cloak currently unavailable)
rCorr   .            (gloves currently unavailable)
SInv    .            (boots currently unavailable)
Will    ++...        (no amulet)
Stlth   +            (no ring)
HPRegen 1.29/turn    (no ring)
MPRegen 0.10/turn

%: no passive effects
@: tree-form, strong-willed (expiring), on berserk cooldown, regenerating
(expiring), slowed, very slow
A: stationary, stasis, torment immunity, boosted hp, sickness immunity, AC +4,
negative energy resistance 1, (electricity resistance), torment resistance 1,
petrification resistance
a: Renounce Religion, Berserk, Trog's Hand


You were on level 4 of the Dungeon.
You worshipped Trog.
Trog was pleased with you.
You were a tree.
You visited 1 branch of the dungeon, and saw 4 of its levels.

You collected 225 gold pieces.
You spent 90 gold pieces at shops.

Inventory:

Hand Weapons
 a - a +2 hand axe (weapon)
Armour
 d - a +0 scale mail (melded)
 f - a +2 helmet (melded)
Wands
 c - a wand of flame (21)
Scrolls
 g - a scroll of identify
 h - a scroll of poison {unknown}


   Skills:
 + Level 4.2 Fighting
 + Level 5.2 Axes
 + Level 4.0 Armour
 + Level 2.2 Dodging


You had 5 spell levels left.
You didn't know any spells.
Your spell library was empty.

Dungeon Overview and Level Annotations

Branches:
Dungeon (4/15)
 Temple: D:4-7

Altars:
Okawaru
Trog
Yredelemnul
Zin

Shops:
D:4 (

Annotations:
D:4 Eustachio


Innate Abilities, Weirdness & Mutations

You are a tree.
Your roots penetrate the ground, keeping you stationary.
You cannot be teleported.
You are immune to unholy pain and torment.
Your maximum health is greatly increased.
Your equipment is partially melded.
You are immune to sickness and miasma.
((Your stone body is resilient. (AC +4)))
You are immune to poison.
You resist negative energy. (rN+)
((You are resistant to electric shocks. (rElec)))
You are resistant to unholy torment.
You are immune to petrification.


Message History

The crimson imp blinks!
The ufetubus barely misses you.
The ufetubus hits you but does no damage.
Eustachio barely misses you. The phantom barely misses you.
Okay, then.
You hit Eustachio but do no damage.
Eustachio is almost dead.
You hit the ufetubus.
You barely miss the bat. x2; You hit the phantom.
You feel the effects of Trog's Hand fading.
The bat hits you but does no damage. x2; The ufetubus barely misses you. x2
Eustachio hits you but does no damage.
The phantom hits you but does no damage.
The ufetubus closely misses you.
The ufetubus hits you but does no damage.
The crimson imp blinks!
You barely miss Eustachio.
Eustachio is almost dead.
You barely miss the bat. You closely miss the phantom.
You barely miss the ufetubus. You barely miss the river rat.
The bat completely misses you. The bat hits you but does no damage.
The ufetubus hits you but does no damage. x2
The river rat barely misses you. Eustachio hits you with a +0 rapier.
* * * LOW HITPOINT WARNING * * *
The phantom completely misses you.
The ufetubus hits you but does no damage. x2
The river rat bites you.
* * * LOW HITPOINT WARNING * * *
Eustachio hits you but does no damage. The river rat bites you.
* * * LOW HITPOINT WARNING * * *
The phantom closely misses you.
You turn into a tree.
Your +2 helmet melds into your body.
Your +0 scale mail melds into your body.
Your roots penetrate the ground.
The bat hits you but does no damage.
The ufetubus hits you but does no damage. x4
The bat hits you but does no damage.
The river rat bites you but does no damage. x2
Eustachio hits you with a +0 rapier.
* * * LOW HITPOINT WARNING * * *
The phantom hits you but does no damage.
The ufetubus hits you.
You die...

#.#####.........!#
#.######.........#####.
#..........:.........(
......................
##.###..###.........###
...# ##.. +.........'.
#### #.........###
#....5@...# #....r♣...#
#....rbW[.#
###......b..#
#...........#
#.........#...#
#.....!...###.#
#########?# .# .# # .#


You could see Eustachio, a phantom, 2 river rats, an ufetubus (summoned) and 2
bats.

Vanquished Creatures
  Sigmund (D:2)
  A scorpion (D:4)
  An iguana (D:4)
  3 gnolls (D:3)
  3 adders
  A worm (D:3)
  2 dart slugs
  8 bats
  7 endoplasms
  3 giant cockroaches
  5 goblins
  6 hobgoblins
  3 kobolds
  4 quokkas
  4 ball pythons
  A frilled lizard (D:3)
  7 rats
60 creatures vanquished.

Notes
Turn   | Place    | Note
-------+----------+-------------------------------------------
     0 | D:1      | Gargoyl the Gargoyle Berserker began the quest for the Orb.
     0 | D:1      | Reached XP level 1. HP: 14/14 MP: 1/1
   152 | D:1      | Reached XP level 2. HP: 19/19 MP: 2/2
   216 | D:1      | Reached skill level 3 in Axes
   861 | D:2      | Found an iron altar of Okawaru.
   973 | D:2      | Reached XP level 3. HP: 22/24 MP: 3/3
  1195 | D:2      | Noticed Sigmund
  1203 | D:2      | Killed Sigmund
  1204 | D:2      | Reached skill level 4 in Axes
  1204 | D:2      | Reached XP level 4. HP: 29/29 MP: 4/4
  1204 | D:2      | Reached XP level 5. HP: 33/33 MP: 5/5
  1511 | D:3      | Reached ** piety under Trog
  1530 | D:3      | Reached XP level 6. HP: 13/38 MP: 6/6
  1717 | D:3      | Found a basalt altar of Yredelemnul.
  1780 | D:3      | Found a bloodstained altar of Trog.
  2479 | D:4      | Found Teen's Weapon Shop.
  2500 | D:4      | Reached skill level 5 in Axes
  2540 | D:4      | Found a glowing silver altar of Zin.
  2542 | D:4      | Found Zin's Purification Station.
  2549 | D:4      | Bought a potion of curing for 90 gold pieces
  2657 | D:4      | Identified the +3 leather armour of Cheibriados's Pride
                  | {Dex+2}
  2657 | D:4      | Noticed Eustachio
  2719 | D:4      | Slain by an ufetubus

Illustrated notes

Levels and vault maps discovered:
D:1:      evilmike_arrival_fibonacci_small, layout_basic, grunt_decor_arrowhead,
          serial_park_tiny_2, chequers_hall_statues_wall_a
D:2:      layout_basic, basic_altar, uniq_sigmund
D:3:      layout_basic, mainiacjoe_overflow_boulevard, overflow_temple_1_default
D:4:      layout_basic, zin_purify, serial_shops, nicolae_shop_back_alley_shop,
          serial_bayou_pond_e, uniq_eustachio, uniq_grinder,
          uniq_crazy_yiuf_cottage

Skill      XL: |  1  2  3  4  5  6 |
---------------+-------------------+-----
Axes           | 3 4 5 |  5.2
Fighting       | 4 |  4.2
Armour         | 3 4 |  4.0
Dodging        | 2 |  2.2

Action                     |  1- 3 |  4- 6 || total
---------------------------+-------+-------++-------
  Melee: Hand axe          |   108 |   127 ||   235
         Punch             |       |     1 ||     1
 Invoke: Berserk           |     1 |     2 ||     3
         Trog's Hand       |       |     2 ||     2
    Use: Scroll            |       |     9 ||     9
         Potion            |       |     2 ||     2
 Armour: Animal skin       |    15 |       ||    15
         Scale mail        |    81 |   187 ||   268
         Skin              |       |    11 ||    11
  Dodge: Dodged            |    80 |   129 ||   209

Table legend: (Time is in decaauts)
 A = Elapsed time spent in this place.
 B = Non-inter-level travel time spent in this place.
 C = Inter-level travel time spent in this place.
 D = Time resting spent in this place.
 E = Time spent auto-exploring this place.
 F = Levels seen in this place.
 G = Mean time per level.
                   A        B        C        D        E       F      G
               +--------+--------+--------+--------+--------+-----+--------+
         Total |   2769 |   2675 |     94 |    110 |   1801 |   4 |  692.2 |
       Dungeon |   2769 |   2675 |     94 |    110 |   1801 |   4 |  692.2 |
               +--------+--------+--------+--------+--------+-----+--------+

Top non-repeatable levels by time:
     D:3: 870 daAuts
     D:1: 853 daAuts
     D:2: 677 daAuts
     D:4: 367 daAuts
